 Dungeon Crawl Stone Soup version 0.31-a0-162-gc4c5a43528 (webtiles) character file.

Game seed: 8691139561804755035

7 qw the Shield-Bearer (level 2, 0/19 HPs)
             Began as a Gargoyle Fighter on June 12, 2023.
             Slain by a jackal (3 damage)
             ... on level 1 of the Dungeon.
             The game lasted 00:00:05 (167 turns).

qw the Shield-Bearer (Gargoyle Fighter)              Turns: 167, Time: 00:00:06

Health: 0/19       AC:  9    Str: 19    XL:     2   Next: 0%
Magic:  2/2        EV:  9    Int:  8    God:
Gold:   7          SH:  4    Dex:  9    Spells: 1/1 levels left

rFire   . . .        a - +0 war axe
rCold   . . .        c - +0 buckler
rNeg    + . .        b - +0 scale mail
rPois   inf          (no helmet)
rElec   +            (no cloak)
rCorr   .            (no gloves)
SInv    .            (no boots)
Will    .....        (no amulet) Stlth
                     (no ring)
HPRegen 0.23/turn    (no ring)
MPRegen 0.08/turn

%: no passive effects
@: no status effects
A: sickness immunity, AC +2, negative energy resistance 1, electricity
resistance, torment resistance 1, petrification resistance
a: no special abilities


You were on level 1 of the Dungeon.
You visited 1 branch of the dungeon, and saw 1 of its levels.

You collected 7 gold pieces.


Innate Abilities, Weirdness & Mutations

You are immune to sickness and miasma.
Your stone body is resilient. (AC +2)
You are immune to poison.
You resist negative energy. (rN+)
You are resistant to electric shocks. (rElec)
You are resistant to unholy torment.
You are immune to petrification.


   Skills:
 - Level 3.2 Fighting
 + Level 2.4 Axes
 - Level 3.2 Armour
 - Level 3.2 Shields


You had one spell level left.
You didn't know any spells.
Your spell library was empty.

Inventory:

Hand Weapons
 a - a +0 war axe (weapon)
Armour
 b - a +0 scale mail (worn)
 c - a +0 buckler (worn)
Potions
 d - a potion of might

Dungeon Overview and Level Annotations

Branches:
Dungeon (1/15)

Altars:


Message History

Found 13 gold pieces.
Found a stone staircase leading down.
The jackal barks! x2; The hobgoblin shouts!
You hear a shout!
You hear an angry hiss.
A jackal comes into view.
A kobold comes into view. It is wielding a +0 dagger.
The jackal moves out of view.
154 ||| Stepping ~*~*~tactically~*~*~ (stealth).
You slash the jackal!
You kill the jackal!
You barely miss the hobgoblin. The hobgoblin barely misses you.
The hobgoblin closely misses you.
You closely miss the kobold. You hit the hobgoblin but do no damage.
The hobgoblin hits you. The kobold hits you but does no damage.
You barely miss the kobold. You completely miss the hobgoblin.
The hobgoblin closely misses you. The kobold hits you with a +0 dagger.
The kobold hits you but does no damage. The hobgoblin hits you.
You closely miss the kobold. You barely miss the hobgoblin.
The kobold hits you but does no damage. The hobgoblin barely misses you.
You closely miss the kobold. You hit the hobgoblin but do no damage.
The hobgoblin hits you but does no damage.
The kobold hits you but does no damage.
The jackal bites you but does no damage.
The kobold hits you with a +0 dagger. The hobgoblin hits you.
You slash the kobold!
You kill the kobold!
You closely miss the hobgoblin. You closely miss the jackal.
The jackal barely misses you. The hobgoblin completely misses you.
The jackal bites you.
You have reached level 2!
You hit the hobgoblin but do no damage. You hit the jackal.
The jackal bites you but does no damage.
You block the hobgoblin's attack.
The jackal bites you but does no damage.
The hobgoblin barely misses you.
You closely miss the jackal.
The jackal is moderately wounded.
You hit the hobgoblin but do no damage. You block the jackal's attack.
You block the hobgoblin's attack. The jackal bites you.
You die...

# #.############
###...@##......########
......hg)'......'.......
........##......####.###
#######.##......# #.#
.>######### #.# ...# #.#
g..$# #.# .....# #.#
K.h... #.#


You could see a jackal and a hobgoblin.

Vanquished Creatures
  A giant cockroach (D:1)
  A goblin (D:1)
  A jackal (D:1)
  2 kobolds (D:1)
  A frilled lizard (D:1)
6 creatures vanquished.

Notes
Turn   | Place    | Note
-------+----------+-------------------------------------------
     0 | D:1      | qw the Gargoyle Fighter began the quest for the Orb.
     0 | D:1      | Reached XP level 1. HP: 14/14 MP: 1/1
     0 | D:1      | 0 ||| qw: Version: 0.2-a-29-gc1b59c4
     0 | D:1      | 0 ||| qw: Game counter: 4315
     0 | D:1      | 0 ||| qw: Always use a shield: true
     0 | D:1      | 0 ||| qw: God list: Okawaru
     0 | D:1      | 0 ||| qw: Allow faded altars: false
     0 | D:1      | 0 ||| qw: Do Orc after D:15 true
     0 | D:1      | 0 ||| qw: Do second Lair branch before Depths: true
     0 | D:1      | 0 ||| qw: Lair rune preference: random
     0 | D:1      | 0 ||| qw: Plans: Normal, Zot:1-4, Slime:5, God:TSO, Crypt,
                  | Tomb, Abyss, Pan, Hells, Win
     0 | D:1      | 0 ||| PLANNING D:1-11
   113 | D:1      | Found a faded altar of an unknown god.
   154 | D:1      | 154 ||| Stepping ~*~*~tactically~*~*~ (stealth).
   165 | D:1      | HP: 2/14 [jackal (3)]
   166 | D:1      | Reached XP level 2. HP: 3/19 MP: 2/2
   167 | D:1      | Slain by a jackal

Levels and vault maps discovered:
D:1:      elethiomel_arrival_fortress_basement, layout_basic,
          hellmonk_ecumenical_altar_run_dry, serial_shops, shop

Skill      XL: |  1 |
---------------+----+-----
Axes           | 2 |  2.4
Fighting       | |  3.2
Armour         | |  3.2
Shields        | |  3.2

Action                     || total
---------------------------++-------
  Melee: War axe           ||    21
 Armour: Scale mail        ||    10
  Dodge: Dodged            ||    11
  Block: Buckler           ||     5

Table legend:
 A = Non-vault XP
 B = Vault XP
 C = Vault XP percentage of total XP
 D = Non-vault monster count
 E = Vault monster count
 F = Vault count percentage of total count
                 A         B        C        D         E       F
            +---------+---------+-------+---------+---------+-------
      Total |       8 |       2 |  20.0 |       5 |       1 |  16.7
            +---------+---------+-------+---------+---------+-------
        D:1 |       8 |       2 |  20.0 |       5 |       1 |  16.7
            +---------+---------+-------+---------+---------+-------
